 Dungeon Crawl Stone Soup version 0.20.1-1-g8b1a95d (webtiles) character file.

66 Lanoc the Vexing (level 3, 0/14 HPs)
             Began as a Felid Enchanter on Dec 6, 2017.
             Slain by an orc priest
             ... wielding a +0 falchion
              (9 damage)
             ... on level 3 of the Dungeon.
             The game lasted 00:06:10 (1368 turns).

Lanoc the Vexing (Felid Enchanter)                  Turns: 1368, Time: 00:06:11

Health: 0/14       AC:  1    Str:  4    XL:     3   Next: 96%
Magic:  1/7        EV: 18    Int: 16    God:
Gold:   176        SH:  0    Dex: 17    Spells: 1/7 levels left
                                        Lives:  0   Deaths: 0

rFire    x . .     SeeInvis +     - Unarmed
rCold    + . .     Gourm    .   (shield unavailable)
rNeg     . . .     Faith    .   (armour unavailable)
rPois    .         Spirit   .   (helmet unavailable)
rElec    .         Reflect  .   (cloak unavailable)
rCorr    .         Harm     .   (gloves unavailable)
MR       .....                  (boots unavailable)
Stlth    +++.......             (no amulet)
Regen    0.1/turn               j - ring of ice
MPRegen  0.1/turn               (no ring)

@: quick
A: no armour, no weapons or thrown items, stealth, claws 1, fangs 3, see
invisible, carnivore 3, speed 1, shaggy fur 1, slow metabolism 1, sharp paws
a: no special abilities


You were on level 3 of the Dungeon.
You were very full.

You visited 1 branch of the dungeon, and saw 3 of its levels.

You collected 176 gold pieces.

Inventory:

Jewellery
 j - a ring of ice (left paw)
Scrolls
 c - a scroll of magic mapping {unknown}
 d - a scroll of noise {unknown}
 e - 2 scrolls of remove curse {unknown}
Potions
 g - a potion of curing {unknown}
 h - a potion of flight {unknown}
 i - a potion of invisibility {unknown}
 k - a potion of cancellation {unknown}
Books
 a - a book of Maledictions

   Spells                             Type                      Level
   a - Corona                         Hexes                        1
   b - Ensorcelled Hibernation        Hexes/Ice                    2
   c - Confuse                        Hexes                        3
   d - Tukima's Dance                 Hexes                        3
   e - Dazzling Spray                 Conjuration/Hexes            3
Comestibles
 b - 3 meat rations
 f - a chunk of flesh


   Skills:
 + Level 3.2 Dodging
 * Level 4.9 Stealth
 + Level 1.8 Unarmed Combat
 + Level 2.5 Spellcasting
 * Level 4.9 Hexes


You had one spell level left.
You knew the following spells:

 Your Spells              Type           Power        Failure   Level  Hunger
a - Corona                Hex            ###....      2%          1    #......
b - Ensorcelled Hibernat  Hex/Ice        ##....       11%         2    ##.....
c - Tukima's Dance        Hex            ###.....     8%          3    ###....


Dungeon Overview and Level Annotations

Branches:
Dungeon (3/15)

Altars:
The Shining One


Innate Abilities, Weirdness & Mutations

You cannot wear armour.
You are incapable of wielding weapons or throwing items.
Your paws allow you to move quietly. (Stealth)
You have sharp claws.
You have razor-sharp teeth.
You have supernaturally acute eyesight. (SInv)
You are carnivorous and can eat meat at any time.
You cover ground quickly.
You are covered in fur. (AC +1)
You have a slow metabolism.
Your sharp claws are effective at attacking unaware monsters.


Message History

Press: ? - help, Shift-Dir - straight line, f/p - orc priest
Aim: an orc priest, wielding a falchion (chance to defeat MR: 45%)
You feel a surge of power!
The orc priest resists with some effort.
Casting: Ensorcelled Hibernation
Confirm with . or Enter, or press ? or * to list all spells.
Aiming: Ensorcelled Hibernation
Press: ? - help, Shift-Dir - straight line, f/p - orc priest
Aim: an orc priest, wielding a falchion (chance to defeat MR: 45%)
You feel a surge of power!
The orc priest resists with some effort.
The orc priest closely misses you.
Casting: Ensorcelled Hibernation
Confirm with . or Enter, or press ? or * to list all spells.
You don't have enough magic to cast that spell.
Unknown command.
You completely miss the orc priest.
The orc priest hits you with a falchion!
Ouch! That really hurt!
You die...

#..# #..# #..# #..# #
#..#
#.################..####
........................
#...........######.#####
#...o@......# #.#
#.#########.# #.# #.#
#.# #.# #.# #[# #.#
#.####.# #......#
########


You could see an orc priest.

Vanquished Creatures
  Terence (D:3)
  An ooze (D:2)
  2 dart slugs (D:1)
  A leopard gecko (D:2)
  A giant cockroach (D:3)
  11 goblins
  3 hobgoblins
  2 jackals (D:1)
  2 kobolds (D:1)
  2 bats
  3 frilled lizards (D:2)
  2 rats
31 creatures vanquished.

Notes
Turn   | Place    | Note
-------+----------+-------------------------------------------
     0 | D:1      | Lanoc the Felid Enchanter began the quest for the Orb.
     0 | D:1      | Reached XP level 1. HP: 7/7 MP: 4/4
   237 | D:1      | Reached XP level 2. HP: 6/11 MP: 4/6
   244 | D:1      | Learned a level 2 spell: Ensorcelled Hibernation
   874 | D:2      | Reached XP level 3. HP: 8/14 MP: 4/7
   945 | D:2      | Found a glowing golden altar of the Shining One.
  1269 | D:3      | Noticed Terence
  1280 | D:3      | Killed Terence
  1287 | D:3      | Learned a level 3 spell: Tukima's Dance
  1368 | D:3      | Slain by an orc priest

Skill      XL: |  1  2  3 |
---------------+----------+-----
Dodging        | 3 |  3.2
Stealth        | |  4.9
Unarmed Combat | |  1.8
Spellcasting   | |  2.5
Hexes          | |  4.9

Action                   || total
-------------------------++-------
Melee: Unarmed           ||   128
       Bite              ||    13
 Cast: Corona            ||     1
       Ensorcelled Hiber ||     8
 Stab: Sleeping          ||    10
  Eat: Chunk             ||     8
Armor: Skin              ||     5
Dodge: Dodged            ||   113
